 Dungeon Crawl Stone Soup version 0.29-a0-43-g62a80824bf (webtiles) character file.

Game seed: 292801929972040982

453 Spectrina the Spear-Bearer (level 7, 0/52 HPs)
             Began as a Merfolk Monk on Feb 3, 2022.
             Was a Priest of Qazlal.
             Slain by an ogre (23 damage)
             ... on level 5 of the Dungeon.
             The game lasted 00:20:38 (2164 turns).

Spectrina the Spear-Bearer (Merfolk Monk)           Turns: 2164, Time: 00:20:39

Health: 0/52       AC:  9    Str: 13    XL:     7   Next: 5%
Magic:  6/11       EV:  6    Int: 10    God:    Qazlal [***...]
Gold:   176        SH:  4    Dex: 16    Spells: 6/6 levels left

rFire   . . .      SeeInvis .   a - +0 spear
rCold   . . .      Faith    +   (no shield)
rNeg    + . .      Spirit   .   t - +0 chain mail
rPois   .          Reflect  .   p - +0 helmet
rElec   .          Harm     .   (no cloak)
rCorr   .          Rampage  .   (no gloves)
Will    .....                   (no boots)
Stlth   ..........              s - amulet of faith
HPRegen 0.17/turn               l - ring of positive energy
MPRegen 0.12/turn               (no ring)

@: no status effects
A: (nimble swimmer 2), mertail, fangs 2, wild magic 1
a: Renounce Religion, Upheaval, Elemental Force


You were on level 5 of the Dungeon.
You worshipped Qazlal.
Qazlal was most pleased with you.
You visited 1 branch of the dungeon, and saw 5 of its levels.

You collected 176 gold pieces.

Inventory:

Hand Weapons
 a - a +0 spear (weapon)
 g - a +0 hunting sling
Missiles
 d - 59 stones
 i - 39 arrows
 r - 3 javelins
 v - 6 poisoned darts (quivered)
 w - a boomerang
 x - 21 sling bullets
Armour
 b - a +0 robe
 p - a +0 helmet (worn)
 q - a +0 ring mail
 t - a +0 chain mail (worn)
Jewellery
 l - a ring of positive energy (left hand)
 s - an amulet of faith (around neck)
Wands
 k - a wand of paralysis (13)
Scrolls
 e - 2 scrolls of enchant armour {unknown}
 f - a scroll of vulnerability {unknown}
 h - a scroll of amnesia {unknown}
 j - a scroll of identify {unknown}
 m - 3 scrolls of noise {unknown}
 o - 3 scrolls of teleportation {unknown}
 u - a scroll of torment {unknown}
 y - a scroll of fear {unknown}
Potions
 c - 4 potions of heal wounds
 n - a potion of mutation


   Skills:
 - Level 3.2 Fighting
 + Level 8.1 Polearms
 - Level 4.0 Dodging
 - Level 2.1 Stealth
 * Level 5.5 Invocations


You had 6 spell levels left.
You didn't know any spells.
Your spell library contained the following spells:

 Spells                   Type           Power      Damage    Failure   Level
 Corpse Rot               Necr/Air       0%         N/A       100%        2
 Dispel Undead            Necr           0%         3d6       100%        4
 Death Channel            Necr           0%         N/A       100%        6


Dungeon Overview and Level Annotations

Branches:
Dungeon (5/15)             Temple (0/1) D:4

Altars:
Gozag
Hepliaklqana
Nemelex Xobeh
Qazlal


Innate Abilities, Weirdness & Mutations

((You are very nimble when in or above water. (Stealth+, EV+, Speed+++)))
Your lower body shifts to a powerful aquatic tail in water.
You have extremely sharp teeth.
Your spells are a little harder to cast, but a little more powerful.


Message History

Throw: 7 darts (poison)
Press: ? - help, Q - select action, (/) - cycle Shift-Dir - straight line, f - ogre
Aim: an ogre, wielding a +0 giant club (75% to hit)
You throw a poisoned dart. The poisoned dart hits the ogre.
The ogre is poisoned.
Throw: 6 darts (poison)
Press: ? - help, Q - select action, (/) - cycle Shift-Dir - straight line, f/p - ogre
Aim: an ogre, wielding a +0 giant club (poisoned, 75% to hit)
Okay, then.
Reach: a) +0 spear
Press: ? - help, Dir - move target, f/p - ogre
Aim: an ogre, wielding a +0 giant club (poisoned, about 21% to evade your +0 spear)
Okay, then.
Reach: a) +0 spear
Press: ? - help, Dir - move target, f/p - ogre
Aim: an ogre, wielding a +0 giant club (poisoned, about 21% to evade your +0 spear)
You reach to attack!
You hit the ogre.
The ogre is lightly wounded.
You puncture the ogre!
The ogre is moderately wounded.
The ogre barely misses you.
You hit the ogre but do no damage. Your bite misses the ogre.
The ogre is moderately wounded.
You hit the ogre but do no damage.
The ogre is moderately wounded.
The ogre looks more healthy.
The ogre hits you with a +0 giant club!
You hit the ogre.
The ogre is heavily wounded.
You hit the ogre.
The ogre is heavily wounded.
The ogre hits you with a +0 giant club!
You hit the ogre but do no damage. You bite the ogre.
The ogre is severely wounded.
You hit the ogre but do no damage.
The ogre is severely wounded.
The ogre barely misses you.
You barely miss the ogre.
The ogre is severely wounded.
The ogre hits you with a +0 giant club!!
You die...

#####.# #.# #####
#.# #...# #.# ....#
#.# #.#..## #.#
##.##..#####.# ##
##.O.##.......#
#..##.§.@[##.######
#..'...♣○°.......#
#..###...#######.#
## #...# #.>.#
#...# #...# ..♣..
#.....#


You could see an ogre.

Vanquished Creatures
  A black bear (D:5)
  An ogre (D:4)
  A scorpion (D:4)
  A hound (D:4)
  Jessica (D:2)
  A hound zombie (D:5)
  A hound skeleton (D:4)
  Robin (D:3)
  A howler monkey skeleton (D:4)
  2 adders
  An ufetubus (D:5)
  3 worms
  3 dart slugs
  6 orcs
  5 endoplasms
  10 hobgoblins
  6 jackals (D:3)
  4 quokkas
  5 ball pythons
  3 bats
  2 frilled lizards (D:3)
  8 goblins
  4 kobolds
  3 rats
74 creatures vanquished.

Vanquished Creatures (others)
  6 plants (D:2)
6 creatures vanquished.

Grand Total: 80 creatures vanquished

Notes
Turn   | Place    | Note
-------+----------+-------------------------------------------
     0 | D:1      | Spectrina the Merfolk Monk began the quest for the Orb.
     0 | D:1      | Reached XP level 1. HP: 18/18 MP: 1/1
    27 | D:2      | Reached skill level 5 in Polearms
    27 | D:2      | Reached XP level 2. HP: 16/24 MP: 2/2
   279 | D:3      | Gained mutation: You have very sharp teeth. [potion of
                  | mutation]
   279 | D:3      | Gained mutation: You have extremely sharp teeth. [potion of
                  | mutation]
   279 | D:3      | Gained mutation: Your spells are a little harder to cast,
                  | but a little more powerful. [potion of mutation]
   288 | D:3      | Reached skill level 6 in Polearms
   288 | D:3      | Reached XP level 3. HP: 3/29 MP: 3/3
   430 | D:3      | Found a faded altar of an unknown god.
   433 | D:3      | Prayed at the altar of an unknown god.
   433 | D:3      | Became a worshipper of Qazlal Stormbringer
   433 | D:3      | Reached * piety under Qazlal
   433 | D:3      | Reached ** piety under Qazlal
   624 | D:3      | Noticed Robin
   703 | D:2      | Noticed Jessica
   711 | D:2      | Killed Jessica
   712 | D:2      | Reached skill level 1 in Invocations
   712 | D:2      | Reached XP level 4. HP: 18/35 MP: 3/5
   741 | D:1      | Reached *** piety under Qazlal
  1048 | D:3      | Killed Robin
  1121 | D:3      | Found a hazy altar of Hepliaklqana.
  1128 | D:3      | Found an opulent altar of Gozag.
  1262 | D:3      | Found a sparkling altar of Nemelex Xobeh.
  1385 | D:4      | Reached XP level 5. HP: 38/41 MP: 5/7
  1561 | D:4      | Reached skill level 7 in Polearms
  1830 | D:4      | Found a staircase to the Ecumenical Temple.
  1834 | D:4      | Noticed an ogre
  1863 | D:4      | Reached **** piety under Qazlal
  1866 | D:4      | Killed an ogre
  1867 | D:4      | Reached XP level 6. HP: 29/47 MP: 2/9
  2058 | D:5      | Entered Level 5 of the Dungeon
  2087 | D:5      | Reached skill level 5 in Invocations
  2128 | D:5      | Noticed a black bear
  2130 | D:5      | Killed a black bear
  2131 | D:5      | Reached skill level 8 in Polearms
  2131 | D:5      | Reached XP level 7. HP: 52/52 MP: 3/11
  2164 | D:5      | Slain by an ogre

Illustrated notes

Levels and vault maps discovered:
D:1:      psy_arrival_spokes, layout_basic, nicolae_wormholes
D:2:      layout_basic, skrybe_limestone_x, guppyfry_early_lair_pool,
          uniq_jessica
D:3:      layout_loops_ring, mainiacjoe_overflow_24_doors,
          mainiacjoe_overflow_big_doors, nicolae_ecumenical_oubliette,
          uniq_robin
D:4:      layout_loops_ring, temple_pool_b, serial_glass, glass_columns_a,
          glass_columns_a, dk_rats_in_the_wall
D:5:      layout_loops_ring, minmay_shop_enchanted_jewellery,
          grunt_ministairs_15, uniq_eustachio

Skill      XL: |  1  2  3  4  5  6 |
---------------+-------------------+-----
Polearms       | 5 6 7 8 |  8.1
Invocations    | 1 2 4 5 |  5.5
Fighting       | |  3.2
Dodging        | |  4.0
Stealth        | |  2.1

Action                   |  1- 3 |  4- 6 |  7- 9 || total
-------------------------+-------+-------+-------++-------
Melee: Spear             |    84 |   225 |    19 ||   328
       Bite              |     3 |    18 |     5 ||    26
       Punch             |       |     4 |     1 ||     5
       Tailslap          |       |     1 |       ||     1
Throw: Stone             |       |     1 |       ||     1
       Dart              |       |       |     1 ||     1
Invok: Upheaval          |       |     5 |       ||     5
  Use: Potion            |     1 |     3 |       ||     4
 Stab: Sleeping          |     4 |       |       ||     4
Armor: Robe              |     5 |     1 |       ||     6
       Ring mail         |       |    11 |       ||    11
       Chain mail        |       |    33 |     6 ||    39
Dodge: Dodged            |    21 |    52 |     3 ||    76
Block: Other             |     5 |    31 |       ||    36

Table legend: (Time is in decaauts)
 A = Elapsed time spent in this place.
 B = Non-inter-level travel time spent in this place.
 C = Inter-level travel time spent in this place.
 D = Time resting spent in this place.
 E = Time spent auto-exploring this place.
 F = Levels seen in this place.
 G = Mean time per level.
                   A        B        C        D        E       F      G
               +--------+--------+--------+--------+--------+-----+--------+
         Total |   2072 |   1870 |    202 |      0 |      0 |   5 |  414.4 |
       Dungeon |   2072 |   1870 |    202 |      0 |      0 |   5 |  414.4 |
               +--------+--------+--------+--------+--------+-----+--------+

Top non-repeatable levels by time:
     D:2: 746 daAuts
     D:3: 604 daAuts
     D:4: 408 daAuts
     D:1: 214 daAuts
     D:5: 98 daAuts
